 Dungeon Crawl Stone Soup version 0.28-b1-25-g9875b3fc8c (webtiles) character file.

Game seed: 11905853479317932467

14540 adizb the Impaler (level 12, -34/91 HPs)
             Began as a Merfolk Gladiator on Feb 2, 2022.
             Was a Priest of Hepliaklqana.
             Annihilated by an orc knight (46 damage)
             ... on level 1 of the Orcish Mines on Feb 3, 2022.
             The game lasted 01:03:57 (8995 turns).

adizb the Impaler (Merfolk Gladiator)               Turns: 8995, Time: 01:03:57

Health: -34/91     AC: 17    Str: 18    XL:     12   Next: 17%
Magic:  12/12      EV: 18    Int:  7    God:    Hepliaklqana [***...]
Gold:   785        SH:  5    Dex: 15    Spells: 11/11 levels left

rFire   + . .      SeeInvis .   A - +4 halberd (vorpal)
rCold   + + .      Faith    .   (shield currently unavailable)
rNeg    . . .      Spirit   .   m - +5 ring mail "Izxupp" {Rampage rC+ rCorr Int-2}
rPois   .          Reflect  +   e - +2 helmet
rElec   .          Harm     .   h - scarf {rC+ rF+}
rCorr   +          Rampage  +   j - +2 pair of gloves
Will    +....                   B - +0 pair of boots
Stlth   +.........              H - amulet of reflection
HPRegen 0.25/turn               L - ring of willpower
MPRegen 0.13/turn               b - ring of resist corrosion

@: studying Fighting
A: reduced essence, (nimble swimmer 2), mertail
a: Renounce Religion, Recall Ancestor, Ancestor Identity, Transference


You were on level 1 of the Orcish Mines.
You worshipped Hepliaklqana.
Hepliaklqana was most pleased with you.
You visited 3 branches of the dungeon, and saw 13 of its levels.

You collected 785 gold pieces.

Inventory:

Hand Weapons
 A - a +4 vorpal halberd (weapon)
Missiles
 c - 3 throwing nets
 g - 6 javelins
 k - 13 poisoned darts
 t - 18 boomerangs (quivered)
Armour
 e - a +2 helmet (worn)
 h - a scarf of resistance (worn)
 j - a +2 pair of gloves (worn)
 m - the +5 ring mail "Izxupp" (worn) {Rampage rC+ rCorr Int-2}
   (You took it off a goblin on level 3 of the Dungeon)

   Int:       It affects your intelligence (-2).
   rC:        It protects you from cold.
   rCorr:     It protects you from acid and corrosion.
   Rampage:   It bestows one free step when moving towards enemies.
 B - a +0 pair of boots (worn)
 Q - a +0 troll leather armour
Magical Staves
 o - a staff of conjuration
Jewellery
 b - a ring of resist corrosion (right hand)
 y - a ring of ice
 H - an amulet of reflection (around neck)
 L - a ring of willpower (left hand)
Wands
 u - a wand of iceblast (7)
 D - a wand of polymorph (4)
 P - a wand of flame (4)
Scrolls
 i - a scroll of fog
 n - 2 scrolls of immolation {unknown}
 p - a scroll of brand weapon
 r - 4 scrolls of teleportation
 s - a scroll of fear
 v - a scroll of silence
 x - a scroll of vulnerability {unknown}
 E - a scroll of amnesia {unknown}
 N - a scroll of summoning {unknown}
 O - a scroll of blinking
Potions
 a - a potion of attraction {unknown}
 d - 2 potions of degeneration {unknown}
 f - a potion of haste {unknown}
 l - a potion of curing
 q - a potion of might {unknown}
 w - 3 potions of heal wounds {unknown}
 z - 2 potions of ambrosia {unknown}
 C - 3 potions of magic
 F - 2 potions of berserk rage {unknown}
 I - 3 potions of flight {unknown}
 J - a potion of brilliance {unknown}
 M - a potion of lignification {unknown}
Miscellaneous
 K - a lightning rod (4/4)


   Skills:
 + Level 11.9 Fighting
 + Level 16.2 Polearms
 + Level 8.6 Throwing
 * Level 14.3 Dodging


You had 11 spell levels left.
You didn't know any spells.
Your spell library contained the following spells:

 Spells                   Type           Power      Damage    Failure   Level
 Animate Skeleton         Necr           0%         N/A       63%         1
 Apportation              Tloc           0%         N/A       63%         1
 Pain                     Necr           0%         1d4       63%         1
 Blink                    Tloc           0%         N/A       77%         2
 Ensorcelled Hibernation  Hex/Ice        0%         N/A       77%         2
 Ozocubu's Armour         Ice            0%         N/A       94%         3
 Spider Form              Tmut/Pois      0%         N/A       94%         3
 Tukima's Dance           Hex            0%         N/A       94%         3
 Vampiric Draining        Necr           0%         2d6       94%         3
 Anguish                  Hex/Necr       0%         N/A       100%        4
 Alistair's Intoxication  Tmut/Pois      0%         N/A       100%        5
 Manifold Assault         Tloc           0%         N/A       100%        5
 Metabolic Englaciation   Hex/Ice        0%         N/A       100%        5
 Simulacrum               Ice/Necr       0%         N/A       100%        6
 Enfeeble                 Hex            0%         N/A       100%        7
 Storm Form               Tmut/Air       0%         N/A       100%        7


Dungeon Overview and Level Annotations

Branches:
Dungeon (10/15)            Temple (1/1) D:5            Lair (0/6) D:8
    Orc (2/2) D:10
    Elf: Orc:2

Altars:
Ashenzari
Cheibriados
Dithmenos
Elyvilon
Fedhas
Gozag
Hepliaklqana
Kikubaaqudgha
Makhleb
Nemelex Xobeh
Okawaru
Qazlal
Ru
Sif Muna
Trog
Uskayaw
Vehumet
Wu Jian
Xom
Yredelemnul
Zin
The Shining One

Shops:
D:2 *   D:8 [


Innate Abilities, Weirdness & Mutations

Your life essence is reduced to manifest your ancestor. (-10% HP)
((You are very nimble when in or above water. (Stealth+, EV+, Speed+++)))
Your lower body shifts to a powerful aquatic tail in water.


Message History

There is a stone staircase leading up, spattered with blood here.
The orc knight barely misses you.
The orc knight hits you with a +1 bardiche.
The orc warrior hits you from afar with a +0 glaive!
The orc knight roars a battlecry!
The orc priest hits you but does no damage.
The orc warrior hits you with a +2 dire flail of holy wrath!
The orc warrior closely misses you.
You climb upwards.
There is a stone staircase leading down, spattered with blood here.
You completely miss the orc priest.
Xochitl hits the orc knight with a +0 flail!
The orc knight misses you. You block the orc priest's attack.
You hit the orc priest.
The orc priest is moderately wounded.
The orc warrior hits you with a +2 dire flail of holy wrath.
You block the orc warrior's attack.
Xochitl hits the orc knight but does no damage.
The orc knight hits you with a +1 bardiche!
As you read the scroll of fear, it crumbles to dust.
You assume a fearsome visage.
The orc warrior looks frightened!
The orc knight looks frightened!
The orc warrior looks frightened!
The orc priest looks frightened!
Xochitl hits the orc knight with a +0 flail.
Xochitl's attack snaps the orc knight out of its fear.
You block the orc knight's attack.
You hit the orc knight.
The orc knight is moderately wounded.
Cornered, the orc warrior turns to fight!
Xochitl hits the orc knight with a +0 flail.
You closely miss the orc knight.
The orc knight is moderately wounded.
The orc knight completely misses you.
The orc warrior hits you with a +2 dire flail of holy wrath!!
* * * LOW HITPOINT WARNING * * *
You feel better.
Xochitl hits the orc knight with a +0 flail.
The orc knight hits you with a +1 bardiche!!!
Ouch! That really hurt!
You die...

##...###
###......##
#####.........#
##.##..).......##
#......###o#....##
##.......###......#
#.......<##......##
##.#.#...###[oR..#
##.......#.[@[.##
##.###....#o### ###
##o.#### ##..# ####


You could see the friendly Xochitl the knight, an orc knight (strong), 2 orc
warriors and an orc priest (strong, fleeing, ally target).

Vanquished Creatures
  4 two-headed ogres
  2 orc high priests
  An orc sorcerer (Orc:1)
  A gargoyle (D:6)
  5 trolls
  Sigmund (D:6)
  3 wyverns
  A wraith (D:10)
  A basilisk (D:8)
  2 vampire mosquitoes (D:10)
  5 yaks (D:8)
  2 water moccasins (D:8)
  2 wargs (Orc:1)
  An ice beast (D:5)
  11 orc warriors
  A sky beast (D:7)
  3 necrophages (D:9)
  2 centaurs
  A phantom (D:2)
  A gnoll sergeant (D:9)
  3 scorpions
  A wyvern skeleton (D:7)
  A water moccasin skeleton (D:7)
  5 killer bees (D:9)
  8 wights
  A howler monkey (D:8)
  3 hounds
  3 centaur zombies
  2 jellies (D:7)
  2 gnoll shamans
  2 centaur skeletons
  17 orc priests
  A bullfrog skeleton (D:6)
  A scorpion zombie (D:5)
  3 iguanas
  12 orc wizards
  Robin (D:2)
  8 adders
  15 gnolls
  A shadow imp (D:5)
  2 white imps
  An adder skeleton (D:4)
  A worm (D:3)
  3 dart slugs
  40 orcs
  6 endoplasms
  2 giant cockroaches
  11 goblins
  8 hobgoblins
  10 jackals
  3 quokkas
  7 ball pythons
  2 bats
  3 frilled lizards
  4 kobolds
  5 rats
248 creatures vanquished.

Vanquished Creatures (collateral kills)
  A two-headed ogre (D:9)
  A shadow (D:9)
  A yak (D:9)
  2 vampire mosquitoes (D:10)
  A steam dragon (D:9)
  2 water moccasins (D:8)
  3 orc warriors
  A necrophage (D:9)
  An ogre (Orc:1)
  A kobold brigand (D:9)
  A bullfrog (D:9)
  A wyvern zombie (D:9)
  7 wights (D:9)
  3 centaur zombies (D:9)
  5 orc priests
  A bullfrog skeleton (D:6)
  An orc wizard (D:9)
  A killer bee zombie (D:7)
  A howler monkey zombie (D:8)
  3 gnolls (D:8)
  14 orcs
52 creatures vanquished.

Vanquished Creatures (others)
  2 knights
  5 ancestors
  A fungus (D:8)
  10 plants (D:8)
18 creatures vanquished.

Grand Total: 318 creatures vanquished

Notes
Turn   | Place    | Note
-------+----------+-------------------------------------------
     0 | D:1      | adizb the Merfolk Gladiator began the quest for the Orb.
     0 | D:1      | Reached XP level 1. HP: 16/16 MP: 1/1
    17 | D:1      | Reached skill level 5 in Polearms
    17 | D:1      | Reached XP level 2. HP: 20/22 MP: 2/2
   375 | D:1      | Reached skill level 6 in Polearms
   375 | D:1      | Reached XP level 3. HP: 16/27 MP: 3/3
   595 | D:2      | Noticed Robin
   667 | D:2      | Killed Robin
   668 | D:2      | Reached skill level 7 in Polearms
   668 | D:2      | Reached XP level 4. HP: 9/33 MP: 4/4
  1025 | D:2      | Found a faded altar of an unknown god.
  1047 | D:2      | Found Vaagaeh's General Store.
  1340 | D:2      | Found a white marble altar of Elyvilon.
  1359 | D:2      | Noticed a phantom
  1376 | D:2      | Killed a phantom
  1377 | D:2      | Reached skill level 8 in Polearms
  1377 | D:2      | Reached XP level 5. HP: 18/38 MP: 5/5
  1658 | D:3      | Reached skill level 9 in Polearms
  1701 | D:3      | Identified the +5 ring mail "Izxupp" {Rampage rC+ rCorr
                  | Int-2}
  2344 | D:4      | Reached XP level 6. HP: 39/44 MP: 6/6
  2575 | D:4      | Reached skill level 10 in Polearms
  2678 | D:5      | Entered Level 5 of the Dungeon
  2935 | D:5      | Reached XP level 7. HP: 36/51 MP: 7/7
  2998 | D:5      | Noticed a two-headed ogre
  3079 | D:5      | Killed a two-headed ogre
  3080 | D:5      | Reached skill level 11 in Polearms
  3080 | D:5      | Reached skill level 5 in Dodging
  3080 | D:5      | Reached XP level 8. HP: 17/60 MP: 8/8
  3139 | D:5      | Found a staircase to the Ecumenical Temple.
  3153 | Temple   | Entered the Ecumenical Temple
  3491 | Temple   | Became a worshipper of Hepliaklqana the Forgotten
  3734 | D:5      | Reached skill level 12 in Polearms
  4056 | D:6      | Noticed Sigmund
  4058 | D:6      | Noticed a gargoyle
  4212 | D:6      | Reached skill level 5 in Fighting
  4212 | D:6      | Reached XP level 9. HP: 68/68 MP: 9/9
  4455 | D:6      | Reached * piety under Hepliaklqana
  4488 | D:6      | Killed a gargoyle
  4489 | D:6      | Reached skill level 13 in Polearms
  4732 | D:6      | Killed Sigmund
  4733 | D:6      | Reached skill level 5 in Throwing
  5618 | D:8      | Reached XP level 10. HP: 25/71 MP: 10/10
  5632 | D:8      | Reached skill level 14 in Polearms
  5685 | D:8      | Reached skill level 10 in Dodging
  5813 | D:8      | Found a staircase to the Lair.
  5843 | D:8      | Reached ** piety under Hepliaklqana
  5849 | D:8      | Remembered your ancestor Xochitl as a knight
  5890 | D:8      | Found Faxaocec's Antique Armour Shop.
  6359 | D:9      | Noticed a two-headed ogre
  6366 | D:9      | Killed a two-headed ogre
  6367 | D:9      | Reached XP level 11. HP: 76/80 MP: 11/11
  6418 | D:9      | Noticed a two-headed ogre
  6425 | D:9      | Killed a two-headed ogre
  6426 | D:9      | Reached skill level 15 in Polearms
  6473 | D:9      | Found a burning altar of Makhleb.
  6619 | D:9      | Noticed a two-headed ogre
  6624 | D:9      | Killed a two-headed ogre
  6625 | D:9      | Reached skill level 10 in Fighting
  6850 | D:10     | Entered Level 10 of the Dungeon
  7216 | D:10     | Found a staircase to the Orcish Mines.
  7261 | D:10     | Noticed a two-headed ogre
  7266 | D:10     | Killed a two-headed ogre
  7331 | Orc:1    | Entered Level 1 of the Orcish Mines
  7331 | Orc:1    | Reached *** piety under Hepliaklqana
  7403 | Orc:2    | Entered Level 2 of the Orcish Mines
  7403 | Orc:2    | Noticed an orc high priest
  7403 | Orc:2    | Noticed an orc sorcerer
  7408 | Orc:2    | Noticed a sixfirhy
  7453 | Orc:2    | Noticed a sun demon
  7757 | Orc:1    | Killed an orc sorcerer
  7774 | Orc:2    | Noticed a sixfirhy
  8033 | Orc:1    | Killed an orc high priest
  8056 | Orc:1    | Reached XP level 12. HP: 50/90 MP: 12/12
  8224 | Orc:1    | Reached skill level 16 in Polearms
  8269 | Orc:2    | Noticed an orc high priest
  8278 | Orc:2    | Noticed a sun demon
  8282 | Orc:2    | Killed an orc high priest
  8651 | Orc:2    | Noticed an orc high priest
  8654 | Orc:2    | Noticed an orc high priest
  8995 | Orc:1    | Annihilated by an orc knight

Illustrated notes

Levels and vault maps discovered:
D:1:      lightli_iron_boxes, layout_rooms, corexii_item_surrounded_by_moat,
          minivault_27, hangedman_abyss_or_decor_lesser_grid, minmay_hexomino_f4
D:2:      layout_loops_ring, basic_ecumenical_altar, serial_shops,
          nicolae_shop_stone, basic_altar, uniq_robin
D:3:      layout_basic
D:4:      layout_rooms
D:5:      nicolae_cairo_tiling_very_big, layout_loops_ring,
          minmay_temple_entry_antechambers
D:6:      layout_cave_pools, kennysheep_generic_room_4, uniq_sigmund
D:7:      layout_basic, minmay_misc_feat_iff
D:8:      layout_rooms, minmay_lair_entry_grove, serial_shops,
          nicolae_inconvenience_store
D:9:      minmay_the_grid_square_5x5_3x3 [minmay_the_grid_square_5x5_one_wall,
          minmay_the_grid_square_5x5_tri_point,
          minmay_the_grid_square_5x5_inner_i,
          minmay_the_grid_square_5x5_inverted_slash,
          minmay_the_grid_square_5x5_megaprize_hollow,
          minmay_the_grid_square_5x5_three_small, minmay_the_grid_square_5x5_c,
          minmay_the_grid_square_5x5_six_small,
          minmay_the_grid_square_5x5_forky], layout_rooms,
          mainiacjoe_overflow_paths, serial_undead, serial_undead_e,
          serial_undead_d, serial_undead_b, serial_undead_c,
          grunt_decor_one_mirror
D:10:     layout_small_grid, orc_0_dummy, minmay_orc_keep
Temple:   mainiacjoe_temple_starburst
Orc:1:    layout_diamond_mine, basic_altar, ebering_ghost_rock_garden,
          minmay_shop_enchanted_jewellery
Orc:2:    st_orc_pillars, layout_caves, basic_altar

Skill      XL: |  1  2  3  4  5  6  7  8  9 10 11 12 |
---------------+-------------------------------------+-----
Polearms       | 5 6 7 8 9 10 11 12 13 14 15 16 | 16.2
Fighting       | 4 5 7 9 11 | 11.9
Throwing       | 3 4 5 7 8 |  8.6
Dodging        | 5 6 9 11 13 14 | 14.3

Action                   |  1- 3 |  4- 6 |  7- 9 | 10-12 || total
-------------------------+-------+-------+-------+-------++-------
Melee: Trident           |    87 |   202 |   207 |       ||   496
       Punch             |       |     2 |     2 |       ||     4
       Glaive            |       |       |    48 |    42 ||    90
       Halberd           |       |       |       |   274 ||   274
Throw: Throwing net      |       |     3 |     4 |     2 ||     9
       Boomerang         |       |    20 |    88 |    55 ||   163
       Dart              |       |       |     4 |       ||     4
       Javelin           |       |       |       |     1 ||     1
Invok: Ancestor Life: Kn |       |       |       |     1 ||     1
Evoke: Wand              |       |       |     5 |     2 ||     7
  Use: Scroll            |     2 |     2 |     7 |     4 ||    15
       Potion            |     1 |       |       |     3 ||     4
 Stab: Sleeping          |     3 |       |       |       ||     3
       Held in net/web   |       |       |     6 |       ||     6
       Distracted        |       |       |       |     3 ||     3
Armor: Leather armour    |    26 |    21 |       |       ||    47
       Ring mail         |       |    41 |    67 |   113 ||   221
Dodge: Dodged            |    51 |    86 |   107 |   233 ||   477
Block: Other             |       |       |       |    67 ||    67
       Reflection        |       |       |       |     1 ||     1
